 Dungeon Crawl Stone Soup version 0.17-b1-36-g7b1967c (webtiles) character file.

247 radek the Conjurer (level 5, -11/38 HPs)
             Began as a Demigod Conjurer on Nov 6, 2015.
             Mangled by Duvessa
             ... wielding a +0 short sword
              (14 damage)
             ... on level 4 of the Dungeon.
             The game lasted 00:15:13 (4806 turns).

radek the Conjurer (Demigod Conjurer)               Turns: 4806, Time: 00:15:13

Health: -11/38     AC:  2    Str: 11    XL:     5   Next: 55%
Magic:  11/19      EV: 12    Int: 21    God:
Gold:   243        SH:  0    Dex: 16    Spells: 2 memorised, 1 level left

rFire  . . .     SeeInvis .     f - +0 hand axe
rCold  . . .     Clarity  .     l - +0 robe
rNeg   . . .     SustAt   +     (no shield)
rPois  .         Gourm    .     (no helmet)
rElec  .         Spirit   .     (no cloak)
rCorr  .         Warding  .     (no gloves)
rMut   .         Stasis   .     (no boots)
MR     .....                    i - amulet of inaccuracy (curse)
Stlth  ++........               (no ring)
                                n - ring of magical power

@: not resistant to hostile enchantments, unstealthy
A: high mp 1, sustain attributes
a: no special abilities


You were on level 4 of the Dungeon.
You were not hungry.

You visited 1 branch of the dungeon, and saw 4 of its levels.

You collected 243 gold pieces.

Inventory:

Hand Weapons
 f - a +0 hand axe (weapon)
 k - a +0 dagger
Armour
 a - a +0 robe
 d - a +0 buckler
 l - a +0 robe (worn)
Jewellery
 h - an uncursed amulet of regeneration
 i - a cursed amulet of inaccuracy (around neck)
 n - a ring of magical power (left hand)
Wands
 c - a wand of random effects (18)
Scrolls
 e - a scroll of magic mapping
Books
 b - a book of Conjurations

   Spells                             Type                      Level
   a - Magic Dart                     Conjuration                  1
   b - Searing Ray                    Conjuration                  2
   c - Dazzling Spray                 Conjuration/Hexes            3
   d - Fulminant Prism                Conjuration/Hexes            4
   e - Iskenderun's Mystic Blast      Conjuration                  4
   f - Iskenderun's Battlesphere      Conjuration/Charms           5
Comestibles
 g - 4 chunks of flesh
 m - 2 beef jerkies
 p - 2 bread rations


   Skills:
 - Level 1.7 Dodging
 - Level 1.7 Stealth
 - Level 1.7 Spellcasting
 - Level 6.0 Conjurations
 + Level 2.3 Charms


You had one spell level left.
You knew the following spells:

 Your Spells              Type           Power        Failure   Level  Hunger
a - Magic Dart            Conj           ####         1%          1    #......
b - Iskenderun's Battles  Conj/Chrm      ###.....     78%         5    ######.


Dungeon Overview and Level Annotations

Branches:
Dungeon (4/15)
 Temple: D:4-7

Shops:
D:4 [

Annotations:
D:4 Duvessa


Innate Abilities, Weirdness & Mutations

You have an increased reservoir of magic (+10% MP).
Your attributes are resistant to harm.


Message History

Duvessa is moderately wounded.
Duvessa hits you with a short sword.
Casting: Magic Dart
Confirm with . or Enter, or press ? or * to list all spells.
Aiming: Magic Dart
Press: ? - help, Shift-Dir - straight line, f/p - Duvessa
Aim: Duvessa, wielding a short sword (moderately wounded, berserk, fast, unusually strong)
The magic dart hits Duvessa.
Duvessa is moderately wounded.
Duvessa hits you with a short sword!
* * * LOW HITPOINT WARNING * * *
Duvessa hits you with a short sword.
* * * LOW HITPOINT WARNING * * *
Drink which item? (? for menu, Esc to quit)
You feel better. Duvessa barely misses you.
Duvessa hits you with a short sword!
* * * LOW HITPOINT WARNING * * *
Duvessa rages.
Duvessa hits you with a short sword!
You die...

#.# .# #.# .#.##.#.#
#####.#.##.#.# #.......##.#.#
#....#.....#.# .....
#....#..##.#.#
.....######....##.##.#.#
...........@e.##..#.#.# ..
#.##...########.........# ..
#.##....#.............###
..##.#.....#...............######
..##.#.....#......#####..#.#.....
#[##.#..................>#.#.####
#.##.##..#.#<..............#.#...
#.##.##..#.#...............#.#.##
.....###.#.#[..##########.##.#.##


You could see Duvessa (berserk).

Vanquished Creatures
  Dowan (D:4)
  A worker ant (D:4)
  2 orc wizards
  3 adders
  2 worms
  2 giant geckos
  8 orcs
  7 bats
  9 hobgoblins
  19 jackals
  2 quokkas
  2 ball pythons
  6 giant cockroaches
  5 giant newts
  8 goblins
  6 kobolds
  A quokka skeleton (D:4)
  6 rats
90 creatures vanquished.

Notes
Turn   | Place    | Note
--------------------------------------------------------------
     0 | D:1      | radek the Demigod Conjurer began the quest for the Orb.
     0 | D:1      | Reached XP level 1. HP: 14/14 MP: 5/5
   387 | D:1      | Reached skill level 4 in Conjurations
   432 | D:1      | Reached XP level 2. HP: 12/20 MP: 1/7
  1341 | D:2      | Reached XP level 3. HP: 26/26 MP: 3/8
  1716 | D:2      | Found a deep blue altar of Sif Muna.
  1972 | D:2      | Reached skill level 5 in Conjurations
  2647 | D:3      | Reached XP level 4. HP: 33/33 MP: 5/9
  4019 | D:4      | Found Muitupp's Armour Shoppe.
  4067 | D:4      | Noticed Duvessa
  4406 | D:4      | Reached skill level 6 in Conjurations
  4406 | D:4      | Reached XP level 5. HP: 38/38 MP: 7/10
  4413 | D:4      | Learned a level 5 spell: Iskenderun's Battlesphere
  4442 | D:4      | Reached skill level 1 in Charms
  4653 | D:4      | Noticed Dowan
  4776 | D:4      | Killed Dowan
  4806 | D:4      | Mangled by Duvessa

Action                   |  1- 3 |  4- 6 || total
-------------------------+-------+-------++-------
Melee: Hand axe          |    22 |    55 ||    77
 Cast: Magic Dart        |   135 |   114 ||   249
  Use: Scroll            |     1 |     4 ||     5
       Potion            |       |     5 ||     5
  Eat: Chunk             |     6 |     3 ||     9
       Bread ration      |     1 |       ||     1
       Pizza             |       |     1 ||     1
